 Dungeon Crawl Stone Soup version 0.18.1-6-gd335043 (webtiles) character file.

149 Liquid the Magician (level 5, 0/42 HPs)
             Began as a Deep Elf Fire Elementalist on May 18, 2016.
             Slain by an orc wizard
             ... wielding a +0 dagger
              (1 damage)
             ... on level 3 of the Dungeon.
             The game lasted 00:07:42 (1891 turns).

Liquid the Magician (Deep Elf Fire Elementalist)    Turns: 1891, Time: 00:07:42

Health: 0/42       AC: 22    Str:  5    XL:     5   Next: 9%
Magic:  3/14       EV:  2    Int: 21    God:
Gold:   49         SH:  0    Dex: 15    Spells: 4 memorised, 4 levels left

rFire  . . .     SeeInvis .     s - +0 whip
rCold  . . .     Gourm    .     (armour currently unavailable)
rNeg   + + +     Faith    .     (no shield)
rPois  +         Spirit   .     (helmet currently unavailable)
rElec  .         Dismiss  .     (cloak currently unavailable)
rCorr  .         Reflect  .     (gloves currently unavailable)
SustAt .         Harm     .     (boots currently unavailable)
MR     .....     NoTele   +     (no amulet)
Stlth  +++.......               (no ring)
                                m - +1 ring of slaying

@: tree-form, not resistant to hostile enchantments, fairly stealthy
A: no striking features
a: no special abilities


You were on level 3 of the Dungeon.
You were not hungry.
You were a tree.
You visited 1 branch of the dungeon, and saw 3 of its levels.

You collected 49 gold pieces.

Inventory:

Hand Weapons
 s - a +0 whip (weapon)
Armour
 a - a +0 robe (melded)
Jewellery
 m - a +1 ring of slaying (left branch)
Scrolls
 d - 3 scrolls of identify
 f - a scroll of recharging
 h - a scroll of magic mapping
 i - 2 scrolls of remove curse
Potions
 l - 4 potions of might
 n - a potion of invisibility {unknown}
 o - 6 potions of curing
 p - 2 potions of brilliance
 q - a potion of cure mutation {unknown}
Books
 b - a book of Flames

   Spells                             Type                      Level
   a - Flame Tongue                   Conjuration/Fire             1
   b - Throw Flame                    Conjuration/Fire             2
   c - Conjure Flame                  Conjuration/Fire             3
   d - Inner Flame                    Hexes/Fire                   3
   e - Sticky Flame                   Conjuration/Fire             4
   f - Fireball                       Conjuration/Fire             5
Comestibles
 c - a bread ration
 g - 2 royal jellies
 j - 2 meat rations
 k - a beef jerky
 r - a chunk of flesh


   Skills:
 - Level 0.2 Armour
 + Level 3.5 Dodging
 - Level 2.4 Stealth
 * Level 4.9 Spellcasting
 + Level 2.2 Conjurations
 + Level 4.2 Fire Magic


You had 4 spell levels left.
You knew the following spells:

 Your Spells              Type           Power        Failure   Level  Hunger
a - Flame Tongue          Conj/Fire      ###..        2%          1    None
b - Throw Flame           Conj/Fire      ###...       4%          2    None
c - Conjure Flame         Conj/Fire      ###.....     10%         3    ##.....
d - Inner Flame           Hex/Fire       ##......     17%         3    ##.....


Dungeon Overview and Level Annotations

Branches:
Dungeon (3/15)

Altars:
Makhleb
Okawaru
Qazlal
Zin


Message History

A puff of flame appears from out of thin air!
The puff of flame hits you!
You barely miss something.
You hear some strange, mumbled words.
A puff of frost appears from out of thin air!
The puff of frost hits you!
* * * LOW HITPOINT WARNING * * *
You miss something. Something hits you.
* * * LOW HITPOINT WARNING * * *
You miss something.
You hear some strange, mumbled words.
You completely miss something. Something hits you.
* * * LOW HITPOINT WARNING * * *
Drink which item? (? for menu, Esc to quit)
You turn into a tree.
Your +0 robe melds into your body.
Your roots penetrate the ground.
Something hits you but does no damage.
You closely miss something.
Something hits you but does no damage. x2
You miss something. Something hits you but does no damage.
You miss something. Something hits you.
You die...

###### #...{# #{##.#
#########♣##.# #######
#.........##.# #.....#
#.##########.####.....## #.#
#..o.........<# .######.#
#.###.##......# ........#####
#.............#
............########.#.o.....#
........###..........#.......#
.####.#.# #..#########......##


There were no monsters in sight!

Vanquished Creatures
  A howler monkey (D:3)
  An orc priest (D:3)
  Terence (D:2)
  2 adders
  An ooze (D:2)
  2 dart slugs (D:1)
  2 giant geckos
  An orc (D:3)
  A giant cockroach (D:2)
  3 goblins
  4 hobgoblins
  2 jackals (D:2)
  2 bats
  4 giant newts
  A kobold (D:1)
  4 rats
32 creatures vanquished.

Notes
Turn   | Place    | Note
--------------------------------------------------------------
     0 | D:1      | Liquid the Deep Elf Fire Elementalist began the quest for the Orb.
     0 | D:1      | Reached XP level 1. HP: 10/10 MP: 6/6
   302 | D:1      | Reached XP level 2. HP: 15/15 MP: 6/8
   411 | D:1      | Learned a level 2 spell: Throw Flame
   730 | D:2      | Found an iron altar of Okawaru.
   845 | D:2      | Found a burning altar of Makhleb.
   851 | D:2      | Found a glowing silver altar of Zin.
   852 | D:2      | Noticed an angel
   852 | D:2      | Noticed a cacodemon
  1120 | D:2      | Noticed Terence
  1125 | D:2      | Killed Terence
  1125 | D:2      | Reached XP level 3. HP: 19/19 MP: 1/10
  1185 | D:2      | Found a stormy altar of Qazlal.
  1581 | D:3      | Found a faded altar to an unknown god.
  1589 | D:3      | Reached XP level 4. HP: 24/24 MP: 4/12
  1597 | D:3      | Learned a level 3 spell: Conjure Flame
  1601 | D:3      | Learned a level 3 spell: Inner Flame
  1767 | D:3      | Reached XP level 5. HP: 21/28 MP: 0/14
  1887 | D:3      | HP: 1/28 [something (3)]
  1891 | D:3      | Slain by an orc wizard

Skill      XL: |  1  2  3  4 |
---------------+-------------+-----
Fire Magic     | 4 |  4.2
Dodging        | 3 |  3.5
Spellcasting   | 4 |  4.9
Conjurations   | 2 |  2.2
Armour         | |  0.2
Stealth        | |  2.4

Action                   |  1- 3 |  4- 6 || total
-------------------------+-------+-------++-------
Melee: Unarmed           |     4 |    15 ||    19
       Whip              |       |     9 ||     9
 Cast: Flame Tongue      |    34 |    18 ||    52
       Throw Flame       |    11 |     8 ||    19
       Conjure Flame     |       |     2 ||     2
  Use: Scroll            |     9 |       ||     9
       Potion            |       |     1 ||     1
  Eat: Chunk             |     2 |     1 ||     3
Armor: Robe              |     1 |    11 ||    12
       Skin              |       |     3 ||     3
Dodge: Dodged            |     6 |    34 ||    40
